 Dungeon Crawl Stone Soup version 0.26.1-2-gb8aa6d0cf2 (webtiles) character file.

Game seed: 3455921139237776156

9224 DasRunzen the Destroyer (level 11, -7/92 HPs)
             Began as a Demigod Conjurer on Feb 9, 2021.
             Killed from afar by a steam dragon (27 damage)
             ... with a ball of steam
             ... on level 2 of the Lair of Beasts.
             The game lasted 00:27:03 (12078 turns).

DasRunzen the Destroyer (Demigod Conjurer)         Turns: 12078, Time: 00:27:05

Health: -7/92      AC: 11    Str: 16    XL:     11   Next: 0%
Magic:  14/25      EV: 19    Int: 22    God:
Gold:   518        SH:  0    Dex: 22    Spells: 20/23 levels left

rFire    . . .     SeeInvis +   k - +4 dagger (venom)
rCold    . . .     Faith    .   (no shield)
rNeg     . . .     Spirit   .   a - +1 robe
rPois    .         Reflect  .   h - +2 hat
rElec    .         Harm     .   u - scarf {repulsion}
rCorr    .         Rampage  .   l - +0 pair of gloves
Will     +....                  m - +1 pair of boots
Stlth    ++........             (no amulet)
HPRegen  0.25/turn              f - ring of see invisible
MPRegen  0.19/turn              A - +6 ring of dexterity

@: repel missiles
A: molten scales 1, agile 1, high mp 1, MP-powered wands
a: no special abilities


You were on level 2 of the Lair of Beasts.
You visited 2 branches of the dungeon, and saw 10 of its levels.

You collected 518 gold pieces.

Inventory:

Hand Weapons
 k - a +4 dagger of venom (weapon)
Armour
 a - a +1 robe (worn)
 h - a +2 hat (worn)
 l - a +0 pair of gloves (worn)
 m - a +1 pair of boots (worn)
 u - a scarf of repulsion (worn)
Magical Staves
 o - an uncursed staff of fire
Jewellery
 f - a ring of see invisible (left hand)
 r - an uncursed ring of protection from cold
 z - an uncursed ring of positive energy
 A - a +6 ring of dexterity (right hand)
Wands
 q - a wand of enslavement (6)
 w - a wand of polymorph (4)
Scrolls
 b - 8 scrolls of teleportation
 c - 2 scrolls of identify
 d - 3 scrolls of fog
 n - a scroll of enchant weapon
 x - 3 scrolls of remove curse
 y - a scroll of magic mapping
Potions
 e - 5 potions of curing
 g - 2 potions of resistance
 i - a potion of haste
 j - 3 potions of magic
 p - 2 potions of cancellation
 s - a potion of brilliance
 t - a potion of berserk rage
 v - 2 potions of flight


   Skills:
 + Level 7.1 Fighting
 + Level 6.7 Armour
 + Level 7.4 Dodging
 - Level 1.7 Stealth
 - Level 2.1 Unarmed Combat
 + Level 6.8 Spellcasting
 + Level 8.1 Conjurations


You had 20 spell levels left.
You knew the following spells:

 Your Spells              Type           Power        Failure   Level
a - Magic Dart            Conj           100%         1%          1
b - Searing Ray           Conj           86%          1%          2

Your spell library contained the following spells:

 Spells                   Type           Power        Failure   Level
 Dazzling Flash           Conj/Hex       50%          4%          3
 Fulminant Prism          Conj/Hex       12%          16%         4
 Iskenderun's Mystic Bla  Conj/Tloc      25%          16%         4


Dungeon Overview and Level Annotations

Branches:
Dungeon (8/15)             Temple (0/1) D:6            Lair (1/6) D:8


Innate Abilities, Weirdness & Mutations

You have an increased reservoir of magic. (+10% MP)
You are partially covered in molten scales. (AC +2)
You are agile. (Dex +2)
You expend magic power (3 MP) to strengthen your wands.


Message History

The water moccasin barely misses you.
The searing ray hits the water moccasin!
The water moccasin is severely wounded.
The water moccasin closely misses you.
The searing ray hits the water moccasin!
You kill the water moccasin!
You have reached level 11!
You swap places.
You start resting.
The steam dragon is no longer charmed.
The steam dragon completely misses you. The steam dragon closely misses you.
Casting: Searing Ray (safe; 1% risk of failure)
Confirm with . or Enter, or press ? or * to list all spells.
Aiming: Searing Ray (safe; 1% risk of failure)
Press: ? - help, Shift-Dir - straight line, f - steam dragon
Aim: a steam dragon (18% to evade)
The searing ray misses the steam dragon. (Press . to maintain the ray.)
The steam dragon breathes steam at you. The ball of steam hits you!!
You die...

## ## ###.### ###
#.##..#..#####.#####
........[..........##
....................#
.#.....†.@D.....†##
##....####...##..##
...##..†#####.P....#.#
.........#..........##
...P#...†........#...#
........##.......#.###
##.##...##P...###..#
#. #....#?.#.####.###
. ..................#


You could see a steam dragon (catching breath).

Vanquished Creatures
  A hydra (Lair:2)
  A black mamba (Lair:1)
  The ghost of lasso the Covert, a novice SpEn (D:5)
  Maggie (D:6)
  5 yaks
  A wyvern (D:8)
  A basilisk (Lair:1)
  Grum (D:8)
  Menkaure (D:7)
  11 water moccasins
  2 orc warriors (D:7)
  An ice beast (D:7)
  3 phantoms
  A sky beast (D:4)
  9 ogres
  4 centaurs
  10 wolves
  8 bullfrogs
  3 scorpions
  11 killer bees
  4 wights (D:6)
  A howler monkey (D:6)
  2 electric eels (D:6)
  9 orc wizards
  4 orc priests
  4 hounds
  2 jellies
  2 iguanas (D:7)
  5 worker ants
  A killer bee zombie (D:6)
  A worker ant zombie (D:7)
  6 adders
  A shadow imp (D:7)
  A white imp (D:7)
  An ufetubus (D:5)
  4 worms
  2 leopard geckos
  22 orcs
  2 ball pythons
  11 bats
  6 giant cockroaches
  8 goblins
  6 hobgoblins
  6 jackals
  7 kobolds
  5 quokkas
  5 frilled lizards
  A leopard gecko zombie (D:5)
  5 rats
210 creatures vanquished.

Vanquished Creatures (collateral kills)
  4 yaks (Lair:2)
4 creatures vanquished.

Vanquished Creatures (others)
  37 fungi
  52 plants
89 creatures vanquished.

Grand Total: 303 creatures vanquished

Notes
Turn   | Place    | Note
-------+----------+-------------------------------------------
     0 | D:1      | DasRunzen the Demigod Conjurer began the quest for the Orb.
     0 | D:1      | Reached XP level 1. HP: 14/14 MP: 5/5
   469 | D:1      | Reached XP level 2. HP: 22/22 MP: 4/7
   472 | D:1      | Learned a level 2 spell: Searing Ray
  1700 | D:2      | Reached XP level 3. HP: 25/27 MP: 3/8
  1709 | D:2      | Reached skill level 1 in Fighting
  1855 | D:2      | You fall into a shaft and drop 1 floor!
  1884 | D:3      | Reached skill level 1 in Unarmed Combat
  2186 | D:3      | Noticed a bullfrog
  2191 | D:3      | Killed a bullfrog
  2192 | D:3      | Reached skill level 4 in Conjurations
  2192 | D:3      | Reached XP level 4. HP: 20/35 MP: 4/10
  2659 | D:3      | Noticed an ogre
  2665 | D:3      | Killed an ogre
  2666 | D:3      | Reached XP level 5. HP: 41/41 MP: 3/11
  3259 | D:4      | Noticed a sky beast
  3267 | D:4      | Killed a sky beast
  3268 | D:4      | Reached XP level 6. HP: 40/50 MP: 3/13
  3528 | D:4      | Reached skill level 1 in Armour
  4056 | D:4      | Reached XP level 7. HP: 32/56 MP: 8/15
  4649 | D:5      | Entered Level 5 of the Dungeon
  4678 | D:5      | Found a transporter.
  4734 | D:5      | Reached skill level 5 in Conjurations
  4769 | D:5      | Noticed lasso's ghost (novice SpEn)
  5106 | D:5      | Gained mutation: You evolve. [potion of mutation]
  5106 | D:5      | Gained mutation: You are agile. (Dex +2) [potion of
                  | mutation]
  5106 | D:5      | Gained mutation: You are partially covered in molten
                  | scales. (AC +2) [potion of mutation]
  5141 | D:5      | Found a transporter.
  5308 | D:5      | Found a sacrificial altar of Ru.
  5427 | D:5      | Found a basalt altar of Yredelemnul.
  5556 | D:6      | Found a staircase to the Ecumenical Temple.
  5563 | D:6      | Reached XP level 8. HP: 46/66 MP: 10/17
  6433 | D:6      | Noticed Maggie
  6440 | D:6      | Killed Maggie
  6441 | D:6      | Reached skill level 5 in Dodging
  6441 | D:6      | Reached skill level 6 in Conjurations
  6836 | D:6      | Reached XP level 9. HP: 70/73 MP: 3/19
  6920 | D:6      | Gained mutation: You expend magic power (3 MP) to
                  | strengthen your wands. [evolution]
  6920 | D:6      | Lost mutation: You evolve. [end of evolution]
  7246 | D:7      | Noticed Menkaure
  7338 | D:7      | Reached skill level 5 in Fighting
  7344 | D:7      | Reached skill level 5 in Spellcasting
  7865 | D:7      | Killed Menkaure
  7960 | D:7      | Reached skill level 5 in Armour
  8508 | D:8      | Reached skill level 7 in Conjurations
  8940 | D:8      | Reached XP level 10. HP: 66/83 MP: 22/22
  9064 | D:8      | Found a staircase to the Lair.
  9354 | D:8      | Noticed Grum
  9369 | D:8      | Killed Grum
 10658 | D:5      | Killed lasso's ghost
 10822 | Lair:1   | Entered Level 1 of the Lair of Beasts
 11448 | Lair:1   | Noticed a black mamba
 11460 | Lair:1   | Killed a black mamba
 12004 | Lair:1   | You fall into a shaft and drop 1 floor!
 12005 | Lair:2   | Noticed a four-headed hydra
 12019 | Lair:2   | Killed a four-headed hydra
 12020 | Lair:2   | Reached skill level 8 in Conjurations
 12074 | Lair:2   | Reached XP level 11. HP: 19/92 MP: 15/25
 12078 | Lair:2   | Killed from afar by a steam dragon

Illustrated notes

Levels and vault maps discovered:
D:1:      dpeg_arrival_rooms_b, layout_basic
D:2:      layout_loops_ring
D:3:      layout_loops_ring
D:4:      minmay_evil_eye, layout_gridville
D:5:      corexii_shack_village, layout_cave_pools, yredelemnul_altar_generic,
          gammafunk_ghost_arena, basic_altar
D:6:      layout_basic, minmay_temple_entry_junction, chequers_big_river,
          uniq_maggie
D:7:      cheibrodos_iron_armory, layout_rooms, uniq_menkaure
D:8:      layout_basic, due_lair_maze_entry_diamond,
          chequers_hall_statues_wall_a, minmay_misc_feat_alley, uniq_grum
Lair:1:   layout_big_grid
Lair:2:   layout_regular_city, shoals_dummy_entry, grunt_megastairs_3

Skill      XL: |  1  2  3  4  5  6  7  8  9 10 |
---------------+-------------------------------+-----
Dodging        | 2 3 4 5 6 7 |  7.4
Spellcasting   | 2 3 4 5 6 |  6.8
Fighting       | 1 2 3 4 6 7 |  7.1
Unarmed Combat | 1 2 |  2.1
Conjurations   | 4 5 6 7 8 |  8.1
Armour         | 1 3 4 5 6 |  6.7
Stealth        | |  1.7

Action                   |  1- 3 |  4- 6 |  7- 9 | 10-12 || total
-------------------------+-------+-------+-------+-------++-------
Melee: Unarmed           |     6 |       |       |       ||     6
       Short sword       |    57 |    43 |       |       ||   100
       Punch             |     1 |       |       |     2 ||     3
       Dagger            |       |     5 |   162 |    61 ||   228
 Cast: Magic Dart        |    37 |       |    12 |     4 ||    53
       Searing Ray       |     4 |    19 |    52 |    34 ||   109
Evoke: Wand              |       |       |       |     1 ||     1
  Use: Scroll            |     2 |    10 |    12 |     4 ||    28
       Potion            |       |       |     1 |       ||     1
 Stab: Sleeping          |     2 |     2 |     6 |       ||    10
Armor: Robe              |    30 |    16 |    58 |    38 ||   142
       Skin              |       |       |     1 |       ||     1
Dodge: Dodged            |    71 |    50 |   183 |   152 ||   456
       Repelled          |       |       |       |     1 ||     1
